 Dungeon Crawl Stone Soup version 0.21-a0-210-gbfa5647 (webtiles) character file.

147 Spazmo the Firebug (level 5, 30/40 HPs)
             Began as a Draconian Fire Elementalist on Aug 19, 2017.
             Was a Follower of Vehumet.
             Quit the game on level 3 of the Dungeon on Aug 21, 2017.
             The game lasted 00:08:36 (2102 turns).

Spazmo the Firebug (Draconian Fire Elementalist)    Turns: 2102, Time: 00:08:37

Health: 30/40      AC:  5    Str:  9    XL:     5   Next: 8%
Magic:  8/9        EV: 12    Int: 21    God:    Vehumet [*.....]
Gold:   142        SH:  0    Dex: 11    Spells: 3/9 levels left

rFire    . . .     SeeInvis .   l - +2 dagger (venom)
rCold    . . .     Gourm    .   (no shield)
rNeg     . . .     Faith    .   (armour unavailable)
rPois    .         Spirit   .   (helmet restricted)
rElec    .         Reflect  .   (no cloak)
rCorr    .         Harm     .   (no gloves)
MR       .....                  (no boots)
Stlth    +.........             (no amulet)
HPRegen  0.13/turn              q - ring of loudness (curse)
MPRegen  0.11/turn              (no ring)

@: brilliant
A: unfitting armour, hooves 1, stinger 1, blurry vision 1, weak 1, cold-blooded,
AC +5
a: Renounce Religion


You were on level 3 of the Dungeon.
You worshipped Vehumet.
Vehumet was aware of your devotion.
You were not hungry.

You visited 1 branch of the dungeon, and saw 3 of its levels.

You collected 142 gold pieces.

Inventory:

Hand Weapons
 l - a +2 dagger of venom (weapon)
Missiles
 d - 77 stones (quivered)
Jewellery
 q - a cursed ring of loudness (left hand)
Scrolls
 m - a scroll of identify
Potions
 c - a potion of might
 e - a potion of cancellation
 g - a potion of curing {unknown}
 h - a potion of brilliance
 i - a potion of flight {unknown}
 k - a potion of haste {unknown}
Books
 a - a book of Flames

   Spells                             Type                      Level
   a - Flame Tongue                   Conjuration/Fire             1
   b - Throw Flame                    Conjuration/Fire             2
   c - Conjure Flame                  Conjuration/Fire             3
   d - Inner Flame                    Hexes/Fire                   3
   e - Sticky Flame                   Conjuration/Fire             4
   f - Fireball                       Conjuration/Fire             5
Comestibles
 b - 2 bread rations
 f - 4 chunks of flesh
 j - a royal jelly


   Skills:
 + Level 1.0 Fighting
 + Level 2.5 Dodging
 - Level 1.8 Stealth
 - Level 0.4 Unarmed Combat
 * Level 2.9 Spellcasting
 * Level 2.4 Conjurations
 * Level 3.8 Fire Magic


You had 3 spell levels left.
You knew the following spells:

 Your Spells              Type           Power        Failure   Level  Hunger
a - Flame Tongue          Conj/Fire      ####.        1%          1    None
b - Throw Flame           Conj/Fire      ####..       1%          2    ##.....
c - Conjure Flame         Conj/Fire      ####....     1%          3    ###....


Dungeon Overview and Level Annotations

Branches:
Dungeon (3/15)

Altars:
Vehumet


Innate Abilities, Weirdness & Mutations

Your plain brown scales are hard. (AC +5)
You cannot fit into any form of body armour.
You are cold-blooded and may be slowed by cold attacks.
You have large cloven feet.
Your tail ends in a poisonous barb.
Scrolls take you a little longer to read.
You are weak. (Str -2)


Message History

You enter the shallow water.
Moving in this stuff is going to be slow.
p - 3 brown potions (gained 2);
m - a scroll of identify You now have 142 gold pieces (gained 14).
Things that are here:
a club; an orc corpse It was a potion of brilliance.
You feel clever all of a sudden.
It was a potion of mutation.
You feel extremely strange. A pair of antennae grows on your head!
Your vision blurs.
Your wings grow larger and stronger.
You feel extremely strange. The antennae on your head shrink away.
Your wings shrivel and weaken.
You feel weaker. Fur sprouts all over your body.
A pair of horns grows on your head!
You feel extremely strange. The horns on your head shrink away.
You shed all your fur.
A poisonous barb forms on the end of your tail.
Your feet thicken and deform.
Are you sure you want to abandon this character and quit the game? (Confirm with "yes".)

,* *,***..≈≈≈≈P.## ##.### ,**
**,* #.P≈≈≈≈≈.# #...#
,,*******,,* #..≈≈≈≈..# ###)#
,,,,,,,**,** #.≈≈≈≈P≈.# ##.#
**,,,,,,,,* #.≈≈≈≈≈..# #..#
*****,,,,**##..≈≈≈...# #.##
**,*,..##..≈≈≈≈≈..# ###.#
**,,*,#......≈≈P≈..# #...#
**,,**,*,,*#.≈@≈≈...####.###
**,,***,*,**#..≈≈≈≈....#..######
**,,** *,,,*#..≈≈≈≈P.............
,,,** **,,,*#.≈≈P≈≈.≈.......<....
,******,,*.....≈≈≈≈≈.....>.†.....
,****,,,**#....≈≈≈≈≈≈............
,**,,,*** ##...≈≈≈≈≈......<......
,,,,*** *#.≈P≈≈≈≈.....####.####
***** *...≈≈≈≈≈≈.##.#**..#


There were no monsters in sight!

Vanquished Creatures
  2 orc priests (D:3)
  An adder (D:2)
  An ooze (D:2)
  3 worms (D:2)
  5 leopard geckos
  4 orcs (D:3)
  A giant cockroach (D:1)
  15 goblins
  2 hobgoblins (D:2)
  8 bats
  6 frilled lizards (D:2)
  6 kobolds
  5 rats
59 creatures vanquished.

Vanquished Creatures (others)
  A giant cockroach (D:2)
1 creature vanquished.

Grand Total: 60 creatures vanquished

Notes
Turn   | Place    | Note
-------+----------+-------------------------------------------
     0 | D:1      | Spazmo the Draconian Fire Elementalist began the quest for the Orb.
     0 | D:1      | Reached XP level 1. HP: 14/14 MP: 3/3
   128 | D:1      | Reached XP level 2. HP: 8/20 MP: 0/5
   132 | D:1      | Learned a level 2 spell: Throw Flame
   132 | D:1      | Upgraded the game from 0.21-a0-203-gb066a6e to 0.21-a0-210-gbfa5647
   603 | D:2      | Found a radiant altar of Vehumet.
   890 | D:2      | Became a worshipper of Vehumet
  1007 | D:2      | Reached XP level 3. HP: 26/26 MP: 0/6
  1555 | D:2      | Reached * piety under Vehumet
  1555 | D:2      | Offered knowledge of Shock by Vehumet.
  1590 | D:2      | Reached XP level 4. HP: 34/34 MP: 7/7
  1598 | D:2      | Learned a level 3 spell: Conjure Flame
  1979 | D:3      | Reached skill level 1 in Fighting
  1979 | D:3      | Reached XP level 5. HP: 14/40 MP: 0/9
  2099 | D:3      | Gained mutation: You have a pair of small antennae on your head. [potion of mutation]
  2099 | D:3      | Gained mutation: Scrolls take you a little longer to read. [potion of mutation]
  2099 | D:3      | Gained mutation: Your large and strong wings let you fly indefinitely. [potion of mutation]
  2100 | D:3      | Lost mutation: You have a pair of small antennae on your head. [potion of mutation]
  2100 | D:3      | Lost mutation: Your large and strong wings let you fly indefinitely. [potion of mutation]
  2100 | D:3      | Gained mutation: You are weak. (Str -2) [potion of mutation]
  2100 | D:3      | Gained mutation: You are covered in fur. (AC +1) [potion of mutation]
  2100 | D:3      | Gained mutation: You have a pair of small horns on your head. [potion of mutation]
  2101 | D:3      | Lost mutation: You have a pair of small horns on your head. [potion of mutation]
  2101 | D:3      | Lost mutation: You are covered in fur. (AC +1) [potion of mutation]
  2101 | D:3      | Gained mutation: Your tail ends in a poisonous barb. [potion of mutation]
  2101 | D:3      | Gained mutation: You have large cloven feet. [potion of mutation]
  2102 | D:3      | Quit the game

Vault maps used:
D:1:      ncdulo_watergridlock
D:2:      cheibrodos_old_hovel, fiery_altar_vehumet
D:3:      first_bread, chequers_big_river, uniq_crazy_yiuf_cottage

Skill      XL: |  1  2  3  4 |
---------------+-------------+-----
Dodging        | 2 |  2.5
Conjurations   | 2 |  2.4
Fighting       | 1 |  1.0
Stealth        | |  1.8
Unarmed Combat | |  0.4
Spellcasting   | |  2.9
Fire Magic     | |  3.8

Action                   |  1- 3 |  4- 6 || total
-------------------------+-------+-------++-------
Melee: Unarmed           |    12 |       ||    12
       Dagger            |    71 |    36 ||   107
       Tailslap          |     4 |     2 ||     6
Throw: Stone             |     5 |       ||     5
 Cast: Flame Tongue      |    44 |     9 ||    53
       Throw Flame       |       |     1 ||     1
  Use: Potion            |     1 |     4 ||     5
       Scroll            |       |     5 ||     5
 Stab: Sleeping          |     4 |     2 ||     6
  Eat: Chunk             |     3 |     2 ||     5
Armor: Skin              |    25 |    13 ||    38
Dodge: Dodged            |    54 |    21 ||    75

Table legend:
 A = Spawn XP
 B = Non-spawn XP
 C = Spawn XP percentage of total XP
 D = Spawn monster count
 E = Non-spawn monster count
 F = Spawn count percentage of total count
 G = Total turns spent on level
                    A         B        C        D         E        F      G
               +---------+---------+-------+---------+---------+-------+---------
         Total |      18 |     180 |   9.1 |       9 |      43 |  17.3 |  1970
               +---------+---------+-------+---------+---------+-------+---------
           D:1 |       4 |      10 |  28.6 |       2 |       6 |  25.0 |   471
           D:2 |      14 |      67 |  17.3 |       7 |      27 |  20.6 |  1320
           D:3 |       0 |     103 |   0.0 |       0 |      10 |   0.0 |   179
               +---------+---------+-------+---------+---------+-------+---------
